 Dungeon Crawl Stone Soup version 0.29.1-15-g9cfb28693d (webtiles) character file.

Game seed: 5549191992157802084

13893 jtron the Nimble (level 12, -3/136 HPs)
             Began as a Gnoll Wanderer on Feb 27, 2023.
             Was a Follower of Cheibriados.
             Slain by a boulder beetle (9 damage)
             ... on level 12 of the Dungeon.
             The game lasted 00:37:37 (11954 turns).

jtron the Nimble (Gnoll Wanderer)                  Turns: 11954, Time: 00:37:38

Health: -3/136     AC: 26    Str: 16    XL:     12   Next: 10%
Magic:  20/22      EV:  2    Int: 13    God:    Cheibriados [*.....]
Gold:   508        SH:  6    Dex: 17    Spells: 22/25 levels left

rFire   . . .      SeeInvis .   a - +11 war axe of Obluesh {vamp, rN+ Will+}
rCold   . . .      Faith    .   C - +0 buckler
rNeg    + . .      Spirit   .   (body armour currently unavailable)
rPois   +          Reflect  .   (helmet currently unavailable)
rElec   .          Harm     .   (cloak currently unavailable)
rCorr   .          Rampage  .   (gloves currently unavailable)
Will    +....      NoTele   +   (boots currently unavailable)
Stlth   ++++......              f - amulet of the acrobat
HPRegen 0.32/turn               (no ring)
MPRegen 0.18/turn               (no ring)

@: tree-form, very slow
A: stationary, stasis, torment immunity, boosted hp, (fangs 1), strong nose,
distributed training, (horns 1), subdued magic 1
a: Renounce Religion, Bend Time


You were on level 12 of the Dungeon.
You worshipped Cheibriados.
Cheibriados was aware of your devotion.
You were a tree.
You visited 1 branch of the dungeon, and saw 12 of its levels.

You collected 568 gold pieces.
You spent 60 gold pieces at shops.

Inventory:

Hand Weapons
 a - the +11 war axe of Obluesh (weapon) {vamp, rN+ Will+}
   (You found it on level 3 of the Dungeon)

   It occasionally heals its wielder for a portion of the damage dealt when it
   wounds a living foe.
   rN:        It protects you from negative energy.
   Will:      It increases your willpower.
 b - a +0 shortbow
 p - a +1 vorpal long sword
 q - a +0 short sword
 u - a +3 longbow of flaming
 v - a +0 sling
Missiles
 m - a boomerang of dispersal
 n - 8 poisoned darts
 s - 8 boomerangs
 w - 9 throwing nets
 H - 45 stones
 J - 7 atropa-tipped darts
Armour
 C - a +0 buckler (worn)
 G - +2 acid dragon scales (melded)
 M - a +1 cloak (melded)
Jewellery
 f - an amulet of the acrobat (around neck)
 l - a ring of ice
Wands
 g - a wand of paralysis (4)
 B - a wand of acid (6) (quivered)
 F - a wand of digging (8)
 I - a wand of flame (9)
Scrolls
 c - 4 scrolls of fog
 d - a scroll of fear
 h - a scroll of poison {unknown}
 i - a scroll of enchant weapon {unknown}
 r - 2 scrolls of teleportation
 x - a scroll of amnesia {unknown}
 y - a scroll of immolation
 E - a scroll of blinking
 K - a scroll of silence {unknown}
Potions
 e - a potion of invisibility {unknown}
 j - 2 potions of attraction
 k - 2 potions of mutation
 o - a potion of cancellation {unknown}
 t - a potion of resistance {unknown}
 z - a potion of flight {unknown}
 A - a potion of lignification
 D - a potion of haste {unknown}
 L - a potion of magic {unknown}


   Skills:
 + Level 7.2 Fighting
 + Level 7.7 Short Blades
 + Level 7.2 Long Blades
 + Level 7.2 Axes
 + Level 7.2 Maces & Flails
 + Level 7.2 Polearms
 + Level 7.2 Staves
 + Level 7.2 Ranged Weapons
 + Level 7.2 Throwing
 + Level 8.6 Armour
 + Level 12.6 Dodging
 + Level 8.4 Stealth
 + Level 7.2 Shields
 + Level 7.2 Unarmed Combat
 + Level 7.2 Spellcasting
 + Level 6.0 Conjurations
 + Level 6.0 Hexes
 + Level 6.0 Summonings
 + Level 6.0 Necromancy
 + Level 6.0 Translocations
 + Level 6.0 Transmutations
 + Level 6.0 Fire Magic
 + Level 6.0 Ice Magic
 + Level 6.0 Air Magic
 + Level 6.0 Earth Magic
 + Level 6.0 Poison Magic
 + Level 7.9 Invocations
 + Level 7.2 Evocations


You had 22 spell levels left.
You knew the following spells:

 Your Spells              Type           Power      Damage    Failure   Level
a - Mephitic Cloud        Conj/Pois/Air  15%        N/A       3%          3

Your spell library contained the following spells:

 Spells                   Type           Power      Damage    Failure   Level
 Freeze                   Ice            60%        1d8       1%          1
 Necrotise                Necr           60%        1d7       1%          1
 Slow                     Hex            60%        N/A       1%          1
 Ensorcelled Hibernation  Hex/Ice        30%        N/A       1%          2
 Confusing Touch          Hex            15%        N/A       3%          3
 Dazzling Flash           Conj/Hex       30%        N/A       3%          3
 Frozen Ramparts          Ice            30%        1d5       3%          3
 Ignite Poison            Fire/Tmut/Pois 15%        N/A       3%          3
 Spider Form              Tmut/Pois      15%        N/A       3%          3
 Vampiric Draining        Necr           15%        2d7       3%          3
 Anguish                  Hex/Necr       7%         N/A       13%         4
 Hailstorm                Conj/Ice       15%        3d5       13%         4
 Agony                    Necr           15%        N/A       36%         5
 Freezing Cloud           Conj/Ice/Air   7%         6-21      36%         5
 Silence                  Hex/Air        7%         N/A       36%         5
 Summon Forest            Summ/Tloc      7%         N/A       36%         5
 Summon Mana Viper        Hex/Summ       15%        N/A       36%         5
 Yara's Violent Unravell  Hex/Tmut       7%         3d5       36%         5
 Iron Shot                Conj/Erth      7%         9d2       92%         6
 Simulacrum               Ice/Necr       7%         N/A       92%         6
 Summon Cactus Giant      Summ           7%         N/A       92%         6
 Enfeeble                 Hex            7%         N/A       100%        7
 Borgnjor's Revivificati  Necr           7%         N/A       100%        8
 Lehudib's Crystal Spear  Conj/Erth      7%         10d3      100%        8
 Necromutation            Tmut/Necr      7%         N/A       100%        8
 Death's Door             Necr           7%         N/A       100%        9


Dungeon Overview and Level Annotations

Branches:
Dungeon (12/15)              Lair (0/5) D:11            Orc (0/2) D:10
 Temple: D:4-7

Altars:
Ashenzari
Cheibriados
Fedhas
Makhleb
Nemelex Xobeh
Sif Muna
Uskayaw
Vehumet
Wu Jian
Yredelemnul
Zin

Shops:
D:2 (*:*   D:7 *

Annotations:
D:10 Josephine


Innate Abilities, Weirdness & Mutations

You are a tree.
Your roots penetrate the ground, keeping you stationary.
You cannot be teleported.
You are immune to unholy pain and torment.
Your maximum health is greatly increased.
Your equipment is partially melded.
((You have very sharp teeth.))
Your uncanny sense of smell can sniff out nearby items.
Your experience applies equally to all skills.
((You have a pair of small horns on your head.))
Your spells are a little easier to cast, but a little less powerful.


Message History

You close the door.
A wraith and a shadow come into view.
There's a creature in the doorway!
You hit the boulder beetle.
You feel better.
The boulder beetle is lightly wounded.
The boulder beetle bites you!!
Aiming: Corrosive Bolt
Press: ? - help, Shift-Dir - straight line, f - shadow, p - boulder beetle
Aim: a shadow (74% to hit)
The bolt of acid hits the boulder beetle.
The boulder beetle is moderately wounded.
The bolt of acid hits the shadow!
The shadow is severely damaged.
The boulder beetle bites you!
* * * LOW HITPOINT WARNING * * *
The flow of time bends around you.
Cheibriados rebukes the boulder beetle.
The boulder beetle seems to slow down.
The boulder beetle bites you!
* * * LOW HITPOINT WARNING * * *
You hit the boulder beetle but do no damage.
The boulder beetle is moderately wounded.
The boulder beetle closely misses you.
You hit the boulder beetle but do no damage.
The boulder beetle is moderately wounded.
You block the boulder beetle's attack.
You slash the boulder beetle!
You feel better.
The boulder beetle is moderately wounded.
The boulder beetle barely misses you.
You hit the boulder beetle.
You feel better.
You headbutt the boulder beetle, but do no damage.
The boulder beetle is moderately wounded.
You hit the boulder beetle but do no damage.
The boulder beetle is moderately wounded.
The boulder beetle bites you!
* * * LOW HITPOINT WARNING * * *
Really quaff the potion of lignification?
You turn into a tree.
Your +1 cloak melds into your body.
Your +2 acid dragon scales melds into your body.
Your roots penetrate the ground.
The boulder beetle bites you!
You die...

.....# ....)######
≈≈≈ ....)+....# #≈≈≈
.....####.# #≈≈≈≈
####.# # ≈~≈≈≈ #.# #.
..~~≈≈ #.#
#.########W..~≈≈ #.#
#........BE...≈≈
#.######.....♣#.B.E≈≈
#......'......+.#
########....).#.#
#......# # #......#
#.....># ∆########∆


You could see a boulder beetle (slow), a water elemental and a wraith.

Vanquished Creatures
  Nessos (D:12)
  Fannar (D:11)
  Harold (D:10)
  A boulder beetle (D:11)
  A two-headed ogre (D:10)
  Pikel (D:7)
  A cyclops (D:11)
  A manticore (D:11)
  Joseph (D:10)
  Maggie (D:7)
  Prince Ribbit (D:6)
  2 shadows
  3 wraiths
  15 yaks
  3 wyverns
  A steam dragon (D:7)
  A human (D:10)
  2 vampire mosquitoes (D:10)
  A warg (D:10)
  An acid dragon (D:9)
  2 sky beasts (D:7)
  A black bear (D:4)
  7 orc warriors
  2 ice beasts
  An ogre (D:4)
  4 centaurs
  A phantom (D:6)
  4 bullfrogs
  3 necrophages
  3 scorpions
  4 gnoll sergeants
  15 wights
  5 killer bees (D:10)
  2 electric eels (D:10)
  A howler monkey (D:8)
  A gnoll bouda (D:10)
  3 jellies
  10 orc priests
  Crazy Yiuf (D:4)
  Jessica (D:2)
  6 orc wizards
  4 iguanas
  26 gnolls
  7 adders
  2 white imps
  3 worms
  2 dart slugs (D:1)
  26 orcs
  6 endoplasms
  6 giant cockroaches
  8 goblins
  9 hobgoblins
  6 jackals
  3 quokkas
  3 ball pythons
  3 bats
  2 frilled lizards (D:2)
  5 kobolds
  7 rats
245 creatures vanquished.

Vanquished Creatures (others)
  9 plants (D:10)
9 creatures vanquished.

Grand Total: 254 creatures vanquished

Notes
Turn   | Place    | Note
-------+----------+-------------------------------------------
     0 | D:1      | Reached skill level 10 in Dodging
     0 | D:1      | jtron the Gnoll Wanderer began the quest for the Orb.
     0 | D:1      | jtron set off with the following items: a +0 short sword, a
                  | +2 leather armour, a scroll of fog, a scroll of fear.
     0 | D:1      | Reached XP level 1. HP: 13/13 MP: 1/1
    49 | D:1      | Found a faded altar of an unknown god.
    82 | D:1      | Reached XP level 2. HP: 16/19 MP: 2/2
   649 | D:1      | Reached XP level 3. HP: 21/25 MP: 3/3
  1108 | D:1      | Reached skill level 1 in Invocations
  1231 | D:2      | Noticed Jessica
  1247 | D:2      | Killed Jessica
  1248 | D:2      | Reached skill level 1 in Fighting
  1248 | D:2      | Reached skill level 1 in Long Blades
  1248 | D:2      | Reached skill level 1 in Axes
  1248 | D:2      | Reached skill level 1 in Maces & Flails
  1248 | D:2      | Reached skill level 1 in Polearms
  1248 | D:2      | Reached skill level 1 in Staves
  1248 | D:2      | Reached skill level 1 in Ranged Weapons
  1248 | D:2      | Reached skill level 1 in Throwing
  1248 | D:2      | Reached skill level 1 in Shields
  1248 | D:2      | Reached skill level 1 in Unarmed Combat
  1248 | D:2      | Reached skill level 1 in Spellcasting
  1248 | D:2      | Reached skill level 1 in Evocations
  1248 | D:2      | Reached XP level 4. HP: 25/32 MP: 5/5
  1343 | D:2      | Found Cuduykou's Assorted Antiques.
  1554 | D:2      | Found Maufrum's Book Emporium.
  1811 | D:2      | Reached skill level 1 in Conjurations
  1811 | D:2      | Reached skill level 1 in Hexes
  1811 | D:2      | Reached skill level 1 in Summonings
  1811 | D:2      | Reached skill level 1 in Necromancy
  1811 | D:2      | Reached skill level 1 in Translocations
  1811 | D:2      | Reached skill level 1 in Transmutations
  1811 | D:2      | Reached skill level 1 in Fire Magic
  1811 | D:2      | Reached skill level 1 in Ice Magic
  1811 | D:2      | Reached skill level 1 in Air Magic
  1811 | D:2      | Reached skill level 1 in Earth Magic
  1811 | D:2      | Reached skill level 1 in Poison Magic
  1920 | D:2      | Found Rufuamyrr's Assorted Antiques.
  1925 | D:2      | Found Rattudis's Antique Weapon Shop.
  2509 | D:3      | Found an ornate altar of the Wu Jian Council.
  2525 | D:3      | Identified the +11 war axe of Obluesh {vamp, rN+ Will+}
  2626 | D:3      | Reached XP level 5. HP: 37/37 MP: 7/7
  3355 | D:4      | Found a runed translucent door.
  3356 | D:4      | Noticed Crazy Yiuf
  3381 | D:4      | Noticed a black bear
  3472 | D:4      | Noticed an ogre
  3479 | D:4      | Killed an ogre
  3480 | D:4      | Reached skill level 5 in Armour
  3480 | D:4      | Reached XP level 6. HP: 44/44 MP: 7/9
  3717 | D:4      | Noticed an ice beast
  3720 | D:4      | Killed an ice beast
  3725 | D:4      | Killed a black bear
  3726 | D:4      | Reached XP level 7. HP: 42/51 MP: 10/10
  3813 | D:4      | Killed Crazy Yiuf
  3970 | D:5      | Entered Level 5 of the Dungeon
  3975 | D:5      | Reached skill level 5 in Stealth
  3986 | D:5      | Found a glowing silver altar of Zin.
  4375 | D:5      | Reached XP level 8. HP: 45/57 MP: 12/12
  4492 | D:5      | Found a shimmering blue altar of Sif Muna.
  5155 | D:6      | Found a basalt altar of Yredelemnul.
  5199 | D:6      | Noticed Prince Ribbit
  5223 | D:6      | Killed Prince Ribbit
  5224 | D:6      | Reached skill level 11 in Dodging
  5418 | D:6      | Noticed a +0 dagger
  5418 | D:6      | Noticed a +0 hand axe
  5428 | D:6      | Found a hide-covered altar of Uskayaw.
  5437 | D:6      | Reached XP level 9. HP: 62/65 MP: 14/14
  5723 | D:6      | Reached skill level 5 in Short Blades
  5976 | D:7      | Noticed Pikel
  5982 | D:7      | Killed Pikel
  6018 | D:7      | Reached skill level 5 in Invocations
  6268 | D:7      | Reached skill level 5 in Fighting
  6268 | D:7      | Reached skill level 5 in Long Blades
  6268 | D:7      | Reached skill level 5 in Axes
  6268 | D:7      | Reached skill level 5 in Maces & Flails
  6268 | D:7      | Reached skill level 5 in Polearms
  6268 | D:7      | Reached skill level 5 in Staves
  6268 | D:7      | Reached skill level 5 in Ranged Weapons
  6268 | D:7      | Reached skill level 5 in Throwing
  6268 | D:7      | Reached skill level 5 in Shields
  6268 | D:7      | Reached skill level 5 in Unarmed Combat
  6268 | D:7      | Reached skill level 5 in Spellcasting
  6268 | D:7      | Reached skill level 5 in Evocations
  6268 | D:7      | Reached XP level 10. HP: 66/74 MP: 17/17
  6334 | D:7      | Found Koynaf's Assorted Antiques.
  6340 | D:7      | Bought a scroll of identify for 60 gold pieces
  6443 | D:7      | Noticed Maggie
  6452 | D:7      | Killed Maggie
  7047 | D:8      | Noticed a boulder beetle
  8089 | D:9      | Found a radiant altar of Vehumet.
  8470 | D:9      | Reached skill level 12 in Dodging
  8476 | D:9      | Learned a level 3 spell: Mephitic Cloud
  8577 | D:9      | Found a burning altar of Makhleb.
  8600 | D:9      | Found a sparkling altar of Nemelex Xobeh.
  8743 | D:10     | Entered Level 10 of the Dungeon
  8845 | D:10     | Noticed a two-headed ogre
  8852 | D:10     | Found a staircase to the Orcish Mines.
  8852 | D:10     | Noticed a two-headed ogre
  8877 | D:10     | Reached skill level 5 in Conjurations
  8877 | D:10     | Reached skill level 5 in Hexes
  8877 | D:10     | Reached skill level 5 in Summonings
  8877 | D:10     | Reached skill level 5 in Necromancy
  8877 | D:10     | Reached skill level 5 in Translocations
  8877 | D:10     | Reached skill level 5 in Transmutations
  8877 | D:10     | Reached skill level 5 in Fire Magic
  8877 | D:10     | Reached skill level 5 in Ice Magic
  8877 | D:10     | Reached skill level 5 in Air Magic
  8877 | D:10     | Reached skill level 5 in Earth Magic
  8877 | D:10     | Reached skill level 5 in Poison Magic
  8881 | D:10     | Reached XP level 11. HP: 51/81 MP: 20/20
  9012 | D:10     | Found a broken altar of Ashenzari.
  9053 | D:10     | Noticed Josephine
  9088 | D:10     | Found a large runed translucent door.
  9089 | D:10     | Found a large runed translucent door.
  9126 | D:10     | Killed a two-headed ogre
  9181 | D:10     | Found a snail-covered altar of Cheibriados.
  9184 | D:10     | Found a blossoming altar of Fedhas.
  9193 | D:10     | Became a worshipper of Cheibriados the Contemplative
  9223 | D:10     | Noticed Joseph
  9241 | D:10     | Killed Joseph
  9254 | D:10     | Got Uttoiloh's Anthology of the Nine Ziggurats
  9451 | D:10     | Noticed Harold
  9461 | D:10     | Gained mutation: Your spells are a little easier to cast,
                  | but a little less powerful. [potion of mutation]
  9461 | D:10     | Gained mutation: You have a pair of small horns on your
                  | head. [potion of mutation]
  9466 | D:10     | HP: 3/79 [Harold/+0 halberd (9)]
  9469 | D:10     | Killed Harold
 10021 | D:11     | Noticed a manticore
 10031 | D:11     | Killed a manticore
 10206 | D:11     | Noticed a boulder beetle
 10319 | D:11     | Killed a boulder beetle
 10916 | D:11     | Noticed a cyclops
 10924 | D:11     | Killed a cyclops
 11150 | D:11     | Reached * piety under Cheibriados
 11159 | D:11     | Found a staircase to the Lair.
 11203 | D:11     | Noticed Fannar
 11249 | D:11     | Killed Fannar
 11250 | D:11     | Reached XP level 12. HP: 30/91 MP: 22/22
 11653 | D:12     | Noticed Nessos
 11675 | D:12     | Killed Nessos
 11927 | D:12     | Noticed a boulder beetle
 11953 | D:12     | HP: 4/91 [boulder beetle (11)]
 11954 | D:12     | Slain by a boulder beetle

Illustrated notes

Levels and vault maps discovered:
D:1:      sevenhm_arrival_forest_fort_small_4, layout_basic,
          hellmonk_ecumenical_altar_lost_god
D:2:      layout_basic, serial_shops, nicolae_square_shop, shop, shop, shop,
          serial_glass, glass_columns_a, glass_columns_b, glass_columns_b,
          glass_columns_a, glass_columns_c, glass_columns_a,
          minmay_strange_pillars, item_on_display_a, grunt_decor_resistance,
          minmay_misc_feat_more_columns, uniq_jessica
D:3:      layout_loops_ring, mainiacjoe_overflow_paths
D:4:      layout_basic, minmay_tree_intersection, minmay_small_thing,
          uniq_crazy_yiuf_cottage
D:5:      wander_river, layout_loops_corners, mainiacjoe_overflow_tiny_flanked,
          nicolae_sif_muna_little_library
D:6:      layout_rooms, nicolae_overflow_crystal_walls, dancing_weapons_uskayaw,
          minmay_temple_entry_from_below_a, kennysheep_generic_room_2,
          uniq_prince_ribbit1
D:7:      layout_cave_pools, serial_shops, nicolae_diamond_shop,
          chequers_serial_rivers_small_b, uniq_pikel, uniq_maggie
D:8:      layout_rooms
D:9:      layout_roguey, nemelex_altar_shiori,
          mainiacjoe_overflow_cross_hatched, pf_just_have_faith, dk_vineyard_1
D:10:     layout_roguey, lemuel_doored_altar, jmf_multi_god_temple2,
          gammafunk_temple_overflow_elements, erik_orc_4, serial_bayou_ford_a,
          uniq_harold, uniq_josephine, uniq_joseph
D:11:     layout_long_grid, lair_entry_dummy, kennysheep_opposing_triangles,
          uniq_fannar
D:12:     layout_basic, serial_shops, kennysheep_mini_moat, uniq_nessos,
          uniq_psyche

Skill      XL: |  1  2  3  4  5  6  7  8  9 10 11 12 |
---------------+-------------------------------------+-----
Dodging        | 11 12 | 12.6
Invocations    | 1 2 3 4 5 6 7 |  7.9
Fighting       | 1 2 3 5 6 7 |  7.2
Long Blades    | 1 2 3 5 6 7 |  7.2
Axes           | 1 2 3 5 6 7 |  7.2
Maces & Flails | 1 2 3 5 6 7 |  7.2
Polearms       | 1 2 3 5 6 7 |  7.2
Staves         | 1 2 3 5 6 7 |  7.2
Ranged Weapons | 1 2 3 5 6 7 |  7.2
Throwing       | 1 2 3 5 6 7 |  7.2
Shields        | 1 2 3 5 6 7 |  7.2
Unarmed Combat | 1 2 3 5 6 7 |  7.2
Spellcasting   | 1 2 3 5 6 7 |  7.2
Evocations     | 1 2 3 5 6 7 |  7.2
Conjurations   | 1 2 3 4 5 6 |  6.0
Hexes          | 1 2 3 4 5 6 |  6.0
Summonings     | 1 2 3 4 5 6 |  6.0
Necromancy     | 1 2 3 4 5 6 |  6.0
Translocations | 1 2 3 4 5 6 |  6.0
Transmutations | 1 2 3 4 5 6 |  6.0
Fire Magic     | 1 2 3 4 5 6 |  6.0
Ice Magic      | 1 2 3 4 5 6 |  6.0
Air Magic      | 1 2 3 4 5 6 |  6.0
Earth Magic    | 1 2 3 4 5 6 |  6.0
Poison Magic   | 1 2 3 4 5 6 |  6.0
Short Blades   | 3 4 5 6 7 |  7.7
Armour         | 5 6 7 8 |  8.6
Stealth        | 5 6 7 8 |  8.4

Action                   |  1- 3 |  4- 6 |  7- 9 | 10-12 || total
-------------------------+-------+-------+-------+-------++-------
Melee: Short sword       |    82 |    96 |       |       ||   178
       Long sword        |     7 |       |       |       ||     7
       Bite              |     4 |    20 |    20 |    52 ||    96
       Punch             |     1 |     2 |     3 |       ||     6
       War axe           |       |    44 |   164 |   392 ||   600
       Headbutt          |       |       |       |    36 ||    36
 Fire: Sling             |       |    25 |       |       ||    25
       Shortbow          |       |       |     3 |       ||     3
Throw: Dart              |       |     4 |     6 |    22 ||    32
       Boomerang         |       |    10 |     7 |    13 ||    30
       Throwing net      |       |       |     2 |       ||     2
Invok: Bend Time         |       |       |       |     1 ||     1
Evoke: Wand              |       |       |       |    17 ||    17
  Use: Scroll            |       |     5 |     1 |    10 ||    16
       Potion            |       |     1 |     1 |    12 ||    14
 Stab: Sleeping          |    10 |     6 |     4 |     3 ||    23
       Distracted        |       |       |     1 |       ||     1
       Paralysed         |       |       |       |     4 ||     4
Armor: Leather armour    |     6 |    32 |    26 |    22 ||    86
       Acid dragon scale |       |       |       |    58 ||    58
       Skin              |       |       |       |     5 ||     5
Dodge: Dodged            |    53 |   106 |   126 |   350 ||   635
Block: Buckler           |       |       |    24 |   150 ||   174
